[Event "*** SCC Grand Prix: Titled Tuesday Blitz"]
[Site "Chess.com"]
[Date "2020.07.07"]
[Round "5"]
[White "Blagorod"]
[Black "tteshan"]
[Result "1-0"]
[WhiteElo "2100"]
[BlackElo "2276"]
[TimeControl "180+1"]
[EndTime "10:49:31 PDT"]
[Termination "Blagorod won by checkmate"]

1. e4 c5 2. Nc3 Nc6 3. g3 e6 4.
Bg2 Nge7 5. d3 d5 6. exd5 exd5 7. Nf3 Bg4 8. h3 Bxf3 9. Qxf3 d4 10. Ne4 g6 11.
Nf6# 1-0

[Event "*** SCC Grand Prix: Titled Tuesday Blitz"]
[Site "Chess.com"]
[Date "2020.07.07"]
[Round "5"]
[White "MacDaddyMac"]
[Black "aljado"]
[Result "0-1"]
[WhiteElo "2294"]
[BlackElo "2121"]
[TimeControl "180+1"]
[EndTime "10:50:32 PDT"]
[Termination "aljado won by resignation"]

1. e4 c5 2. Nc3 Nc6 3. f4 g6 4.
Nf3 Bg7 5. Bb5 Nd4 6. O-O a6 7. Bc4 e6 8. d3 b5 9. Bb3 Bb7 10.
Nxd4 Bxd4+ 11. Kh1 Ne7 12. e5 Nf5 13. a4 Qh4 14.
Rf3 Bxf3 15. Qxf3 Qe1+ 0-1

[Event "*** SCC Grand Prix: Titled Tuesday Blitz"]
[Site "Chess.com"]
[Date "2020.07.07"]
[Round "5"]
[White "MateSchmate"]
[Black "silverback96"]
[Result "0-1"]
[WhiteElo "2400"]
[BlackElo "2251"]
[TimeControl "180+1"]
[EndTime "10:51:11 PDT"]
[Termination "silverback96 won by resignation"]

1. b3 Nf6 2. Bb2 g6 3. e3 Bg7 4.
Nf3 O-O 5. d4 d5 6. Be2 c5 7. O-O Nc6 8. Nbd2 cxd4 9. exd4 Nh5 10. Ne5 Nf4 11. Bf3 Qc7 12. Re1 Bf5 13. c4 Nxe5 14.
dxe5 Nd3 15. Bd4 Nxe1 16. Qxe1 dxc4 17. Nxc4 Rfd8 18. Rd1 Rac8 19. g4 Be6 20. Bxa7 Rxd1 21. Qxd1 Bxc4 22. bxc4 Qxc4 23. Bxb7 Qc1 24. Qxc1 Rxc1+ 25. Kg2 Rc7 0-1

[Event "*** SCC Grand Prix: Titled Tuesday Blitz"]
[Site "Chess.com"]
[Date "2020.07.07"]
[Round "5"]
[White "Unknown_IM"]
[Black "rugbyclub"]
[Result "1-0"]
[WhiteElo "2347"]
[BlackElo "2143"]
[TimeControl "180+1"]
[EndTime "10:51:16 PDT"]
[Termination "Unknown_IM won by resignation"]

1. e4 e5 2. Nf3 Nc6 3. d4 exd4 4. Bc4 Bc5 5. O-O d6 6. Ng5 Ne5 7. Bb3 Nh6 8. f4 d3+ 9. Kh1 Neg4 10. Qf3 dxc2 11.
Nc3 O-O 12. h3 Nf6 13. Bxc2 Kh8 14. e5 Nd7 15. Nxh7 dxe5 16. Nxf8 Qxf8 17. fxe5 Nxe5 18. Qg3 Bd6 19. Qh4 1-0

[Event "*** SCC Grand Prix: Titled Tuesday Blitz"]
[Site "Chess.com"]
[Date "2020.07.07"]
[Round "5"]
[White "The_Machine04"]
[Black "reniite"]
[Result "1-0"]
[WhiteElo "2280"]
[BlackElo "1909"]
[TimeControl "180+1"]
[EndTime "10:51:16 PDT"]
[Termination "The_Machine04 won by resignation"]

1. d4 Nf6 2. Bg5 e6 3. Nd2 b6 4. e4 Be7 5. Bd3 h6 6. Bh4 d6 7.
c3 Bb7 8. Qe2 e5 9. Ngf3 Nbd7 10. dxe5 Nxe5 11. Nxe5 dxe5 12. O-O O-O 13. Rfd1 c5 14. Bc2 Qc8 15. Nf1 Qg4 16. Qxg4 1-0

[Event "*** SCC Grand Prix: Titled Tuesday Blitz"]
[Site "Chess.com"]
[Date "2020.07.07"]
[Round "5"]
[White "Eltaj_Safarli"]
[Black "TamirNabaty"]
[Result "1-0"]
[WhiteElo "2929"]
[BlackElo "2696"]
[TimeControl "180+1"]
[EndTime "10:51:19 PDT"]
[Termination "Eltaj_Safarli won by resignation"]

1. e4 e5 2. Nf3 Nc6 3. Nc3 Nf6 4. a3 d5 5. Bb5 Nxe4 6. Qe2 Nxc3 7. Qxe5+ Be7 8. dxc3 O-O 9. Qh5 g6 10. Qh6 Bf6 11. O-O Bg7 12. Qf4 Ne7 13. h3 c6 14. Bd3 h6 15. Re1 Be6 16. Nd4 Bd7 17. Qh4 g5 18. Bxg5 f6 19. Bxh6 Bxh6 20. Qxh6 Rf7 21. Re3 Qf8 22. Rg3+ Rg7 23. Bh7+ 1-0

[Event "*** SCC Grand Prix: Titled Tuesday Blitz"]
[Site "Chess.com"]
[Date "2020.07.07"]
[Round "5"]
[White "chalowey97"]
[Black "larisakalinina"]
[Result "1-0"]
[WhiteElo "2143"]
[BlackElo "1921"]
[TimeControl "180+1"]
[EndTime "10:51:19 PDT"]
[Termination "chalowey97 won by checkmate"]

1. d4 c5 2. d5 e6 3. c4 exd5 4. cxd5 d6 5. Nc3 Nf6 6. e4 Be7 7. f4 O-O 8. Nf3 a6 9. a4 Re8 10. Bd3 Bf8 11. O-O Qc7 12. Qe1 c4 13. Bc2 Nbd7 14. Qh4 Nc5 15. e5 Ng4 16. Qxh7# 1-0

[Event "*** SCC Grand Prix: Titled Tuesday Blitz"]
[Site "Chess.com"]
[Date "2020.07.07"]
[Round "5"]
[White "rududuyk"]
[Black "Kate1606"]
[Result "1-0"]
[WhiteElo "2094"]
[BlackElo "1419"]
[TimeControl "180+1"]
[EndTime "10:51:24 PDT"]
[Termination "rududuyk won by checkmate"]

1. e4 c5 2. Nc3 g6 3. f4 Bg7 4. Nf3 Nc6 5. Bc4 e6 6. d3 Nge7 7. O-O O-O 8. Qe1 a6 9. a4 Rb8 10. f5 d5 11. Ba2 d4 12. Ne2 exf5 13. Qh4 fxe4 14. Ng5 h6 15. Nxf7 Rxf7 16. Rxf7 Kh7 17. Qxh6+ Kg8 18. Qxg7# 1-0

[Event "*** SCC Grand Prix: Titled Tuesday Blitz"]
[Site "Chess.com"]
[Date "2020.07.07"]
[Round "5"]
[White "GoingKronos"]
[Black "mortngabriel"]
[Result "1-0"]
[WhiteElo "2498"]
[BlackElo "2325"]
[TimeControl "180+1"]
[EndTime "10:51:33 PDT"]
[Termination "GoingKronos won by resignation"]

1. d4 Nf6 2. Nf3 c5 3. d5 b5 4. c3 g6 5. e4 Nxe4 6. Bxb5 Bg7 7. O-O O-O 8. Re1 Nf6 9. d6 e6 10. Bg5 Qb6 11. Na3 Nc6 12. Qe2 Rb8 13. Rad1 Qa6 14.
Bxa6 1-0

[Event "*** SCC Grand Prix: Titled Tuesday Blitz"]
[Site "Chess.com"]
[Date "2020.07.07"]
[Round "5"]
[White "Kavyev_Ruslan"]
[Black "VladimirBelous"]
[Result "0-1"]
[WhiteElo "2543"]
[BlackElo "2726"]
[TimeControl "180+1"]
[EndTime "10:51:39 PDT"]
[Termination "VladimirBelous won by resignation"]

1. d4 Nf6 2. c4 g6 3. Nc3 d5 4. Bf4 Bg7 5. e3 O-O 6. Rc1 c5 7. dxc5 Qa5 8. cxd5 Ne4 9. Ne2 Nxc5 10. Nd4 Rd8 11. Bc4 e5 12. dxe6 Bxe6 13. Be2 Nc6 14.
O-O Nxd4 15. exd4 Rxd4 16. Bd2 Qd8 17. Nb1 Ne4 18. Rc2 Bxa2 0-1

[Event "*** SCC Grand Prix: Titled Tuesday Blitz"]
[Site "Chess.com"]
[Date "2020.07.07"]
[Round "5"]
[White "kleopl"]
[Black "GEKKESPONS"]
[Result "1-0"]
[WhiteElo "2414"]
[BlackElo "2539"]
[TimeControl "180+1"]
[EndTime "10:51:40 PDT"]
[Termination "kleopl won by resignation"]

1. c4 e6 2. Nc3 d5 3. d4 Nf6 4.
cxd5 Nxd5 5. e4 Nxc3 6. bxc3 c5 7.
Nf3 cxd4 8. cxd4 Bb4+ 9. Bd2 Bxd2+ 10. Qxd2 O-O 11. Bc4 Nd7 12. O-O b6 13. d5 Nc5 14.
Rfe1 Bb7 15. Rad1 exd5 16. Bxd5 Rc8 17. Ng5 Bxd5 18. exd5 h6 19. Ne4 Nxe4 20. Rxe4 Qd6 21. Qb4 Rfd8 22. Re8+ 1-0

[Event "*** SCC Grand Prix: Titled Tuesday Blitz"]
[Site "Chess.com"]
[Date "2020.07.07"]
[Round "5"]
[White "maciek_92"]
[Black "GuerrieroFromLevant"]
[Result "1-0"]
[WhiteElo "2677"]
[BlackElo "2457"]
[TimeControl "180+1"]
[EndTime "10:51:41 PDT"]
[Termination "maciek_92 won by resignation"]

1. c4 e6 2. g3 d5 3. Bg2 c5 4.
Nf3 Nc6 5. O-O d4 6. e3 Nf6 7. exd4 cxd4 8. d3 e5 9. Re1 Bd6 10. b4 Bxb4 11. Nxe5 Bxe1 12. Nxc6 bxc6 13. Bxc6+ Bd7 14. Qxe1+ Qe7 15. Qxe7+ Kxe7 16. Ba3+ Ke6 17. Bg2 Rac8 18. Bh3+ 1-0

[Event "*** SCC Grand Prix: Titled Tuesday Blitz"]
[Site "Chess.com"]
[Date "2020.07.07"]
[Round "5"]
[White "thedjoker98"]
[Black "ExtremeLearner"]
[Result "1-0"]
[WhiteElo "2512"]
[BlackElo "2327"]
[TimeControl "180+1"]
[EndTime "10:51:54 PDT"]
[Termination "thedjoker98 won by resignation"]

1. d4 Nf6 2. c4 c5 3. d5 b5 4. cxb5 a6 5. bxa6 g6 6. Nc3 Bg7 7. e4 O-O 8. a7 Rxa7 9. Nf3 d6 10. Be2 Ba6 11. O-O Qa5 12. Re1 Bxe2 13. Rxe2 Na6 14.
Bd2 Qb6 15. Rb1 Rb8 16. e5 dxe5 17. Nxe5 Nb4 18. Be1 Rd8 19. Rd2 Qb7 20. Nc6 Rxd5 21.
Nxd5 Nbxd5 22. Nxa7 Qxa7 23. Rxd5 Nxd5 24. Qxd5 Qxa2 25.
Qxa2 1-0

[Event "*** SCC Grand Prix: Titled Tuesday Blitz"]
[Site "Chess.com"]
[Date "2020.07.07"]
[Round "5"]
[White "Klaus1995"]
[Black "tan275"]
[Result "0-1"]
[WhiteElo "1871"]
[BlackElo "2274"]
[TimeControl "180+1"]
[EndTime "10:51:58 PDT"]
[Termination "tan275 won by checkmate"]

1. e4 c6 2. d4 d5 3. Nc3 dxe4 4.
Nxe4 Bf5 5. Ng3 Bg6 6. h4 h6 7. h5 Bh7 8. Nf3 e6 9. Bd3 Bxd3 10. Qxd3 Nf6 11. Bf4 Bd6 12. Ne5 Bxe5 13. Bxe5 Qa5+ 14.
c3 Nbd7 15. Ne4 Nxe4 16. Qxe4 Nxe5 17. dxe5 O-O-O 18. O-O Rd5 19. Rfe1 Rhd8 20. b4 Qa3 21. c4 Rd2 22. b5 Qc5 23. bxc6 Qxf2+ 24. Kh1 R8d4 25.
cxb7+ Kb8 26. Qc6 Rh4# 0-1

[Event "*** SCC Grand Prix: Titled Tuesday Blitz"]
[Site "Chess.com"]
[Date "2020.07.07"]
[Round "5"]
[White "Oneofmyturns"]
[Black "DraG0s3L"]
[Result "1-0"]
[WhiteElo "2717"]
[BlackElo "2507"]
[TimeControl "180+1"]
[EndTime "10:52:10 PDT"]
[Termination "Oneofmyturns won by checkmate"]

1. d4 Nf6 2. c4 e6 3. Nc3 Bb4 4. Qc2 O-O 5. e4 c5 6. e5 cxd4 7. a3 Ba5 8. exf6 dxc3 9. b4 Bc7 10. fxg7 Kxg7 11. Qxc3+ f6 12. Nf3 Nc6 13. Be2 d5 14. cxd5 exd5 15. O-O Bf5 16. Bb2 Be5 17. Nxe5 fxe5 18.
b5 Nd4 19. Qg3+ Kf7 20. Bh5+ Bg6 21. Qxe5 Nf5 22. Qxf5+ Kg8 23. Qe6+ Bf7 24. Qg4+ Bg6 25. Bxg6 hxg6 26. Qxg6# 1-0

[Event "*** SCC Grand Prix: Titled Tuesday Blitz"]
[Site "Chess.com"]
[Date "2020.07.07"]
[Round "5"]
[White "NiranjanNavalgund"]
[Black "HarryCun"]
[Result "1-0"]
[WhiteElo "2403"]
[BlackElo "2185"]
[TimeControl "180+1"]
[EndTime "10:52:13 PDT"]
[Termination "NiranjanNavalgund won by resignation"]

1. e4 c6 2. Nc3 d5 3. Qf3 dxe4 4. Nxe4 Nf6 5. Bc4 e6 6. d3 Nxe4 7. dxe4 Nd7 8. Bf4 Qb6 9. O-O-O Qa5 10. Kb1 Nb6 11. Bc7 Bd7 12. Qd3 Rd8 13. Nf3 Be7 14. Ne5 O-O 15. Bxd8 Rxd8 16. Nxd7 Rxd7 17. Qc3 Bb4 18.
Rxd7 Nxd7 19. Qd3 Nc5 20. Qe3 Bd2 21. Qe2 Na4 22. Rd1 Nc3+ 23. bxc3 Qb5+ 24. Bxb5 1-0

[Event "*** SCC Grand Prix: Titled Tuesday Blitz"]
[Site "Chess.com"]
[Date "2020.07.07"]
[Round "5"]
[White "Shivagami"]
[Black "WPWPWP-2015"]
[Result "0-1"]
[WhiteElo "2198"]
[BlackElo "2410"]
[TimeControl "180+1"]
[EndTime "10:52:14 PDT"]
[Termination "WPWPWP-2015 won by resignation"]

1. d4 Nf6 2. c4 e6 3. Nc3 Bb4 4. f3 d5 5. cxd5 exd5 6. e3 O-O 7. a3 Bd6 8. Bd3 Re8 9. Nge2 c5 10. O-O Nc6 11.
Nb5 Bf8 12. dxc5 Bxc5 13. Nbd4 h6 14. b4 Nxd4 15. bxc5 Ne6 16. Qc2 Bd7 17. Nd4 Rc8 18. Nxe6 Bxe6 19. e4 dxe4 20. fxe4 Qd4+ 21. Kh1 Qxa1 0-1

[Event "*** SCC Grand Prix: Titled Tuesday Blitz"]
[Site "Chess.com"]
[Date "2020.07.07"]
[Round "5"]
[White "Bigfish1995"]
[Black "davigator"]
[Result "1-0"]
[WhiteElo "3046"]
[BlackElo "2318"]
[TimeControl "180+1"]
[EndTime "10:52:18 PDT"]
[Termination "Bigfish1995 won by resignation"]

1. d4 Nf6 2. Bg5 e6 3. e4 d5 4. e5 h6 5. Bc1 Ne4 6. Ne2 Ng5 7. c3 c5 8. Be3 Qb6 9. Qc1 Be7 10. Nd2 Nc6 11. f4 Nh7 12. Nb3 cxd4 13. Nexd4 Nxd4 14. Bxd4 Qc7 15. Bd3 Nf8 16. Qe3 b6 17. O-O-O Bd7 18. g4 g6 19. Rhf1 O-O-O 20. Kb1 Kb8 21. f5 gxf5 22. gxf5 Bg5 23. Qe2 Ba4 24. f6 Ng6 25. Bxg6 fxg6 26. Qg4 Bb5 27. Rfe1 Bxf6 28. exf6 Qxh2 29. Be5+ Ka8 30. Bxh2 1-0

[Event "*** SCC Grand Prix: Titled Tuesday Blitz"]
[Site "Chess.com"]
[Date "2020.07.07"]
[Round "5"]
[White "chito89"]
[Black "YPradafah"]
[Result "1-0"]
[WhiteElo "2819"]
[BlackElo "2526"]
[TimeControl "180+1"]
[EndTime "10:52:19 PDT"]
[Termination "chito89 won by resignation"]

1. e4 c5 2. Nc3 a6 3. g3 b5 4. Bg2 b4 5. Nce2 Bb7 6. d3 e6 7. f4 Nf6 8. Nf3 d5 9. e5 Nfd7 10. O-O Nc6 11. f5 Ncxe5 12. Nxe5 Nxe5 13. fxe6 fxe6 14. Nf4 Qd6 15. Bh3 O-O-O 16. Nxe6 Kb8 17. Bf4 Re8 18. Qe2 Rxe6 19. Bxe6 Qxe6 20. Qxe5+ Qxe5 21. Bxe5+ Kc8 22. Rf7 1-0

[Event "*** SCC Grand Prix: Titled Tuesday Blitz"]
[Site "Chess.com"]
[Date "2020.07.07"]
[Round "5"]
[White "SahajGrover"]
[Black "Forantes"]
[Result "1-0"]
[WhiteElo "2666"]
[BlackElo "2350"]
[TimeControl "180+1"]
[EndTime "10:52:29 PDT"]
[Termination "SahajGrover won by checkmate"]

1. d4 Nf6 2. c4 g6 3. Nc3 d5 4.
Bg5 Ne4 5. h4 Nxc3 6. bxc3 h5 7.
e3 Bg7 8. Qb3 c6 9. Nf3 Qa5 10.
Bd3 Be6 11. Qxb7 Qxc3+ 12. Ke2 dxc4 13. Qxe7# 1-0

[Event "*** SCC Grand Prix: Titled Tuesday Blitz"]
[Site "Chess.com"]
[Date "2020.07.07"]
[Round "5"]
[White "Bodnar_Mykola"]
[Black "Vision_64"]
[Result "1-0"]
[WhiteElo "2452"]
[BlackElo "2204"]
[TimeControl "180+1"]
[EndTime "10:52:39 PDT"]
[Termination "Bodnar_Mykola won by checkmate"]

1. e4 c5 2. Nf3 Nc6 3. d4 cxd4 4. Nxd4 Nf6 5. Nc3 e5 6. Ndb5 d6 7. Bg5 a6 8. Na3 b5 9. Nab1 Be7 10. Bxf6 Bxf6 11.
a4 b4 12. Nd5 O-O 13. Bc4 Be6 14. O-O Nd4 15. c3 bxc3 16. bxc3 Nc6 17. Nd2 Bg5 18. Nf3 a5 19. Rb1 Rb8 20. Qd3 h6 21. Rb5 Na7 22. Rxb8 Qxb8 23. Nxg5 hxg5 24. Ne7+ Kh7 25. Bxe6 fxe6 26.
Qh3# 1-0

[Event "*** SCC Grand Prix: Titled Tuesday Blitz"]
[Site "Chess.com"]
[Date "2020.07.07"]
[Round "5"]
[White "LedakovAlexandr"]
[Black "mjray79"]
[Result "1-0"]
[WhiteElo "2486"]
[BlackElo "2314"]
[TimeControl "180+1"]
[EndTime "10:52:55 PDT"]
[Termination "LedakovAlexandr won by resignation"]

1. d4 Nf6 2. Nf3 d5 3. c4 e6 4. g3 Be7 5. Bg2 O-O 6. O-O dxc4 7. Ne5 Nc6 8. Nxc6 bxc6 9. Na3 Rb8 10. Nxc4 c5 11. Na5 Bd7 12. dxc5 Bxc5 13. Qc2 Bb6 14. Nc6 Bxc6 15. Bxc6 h6 16. Rd1 Qe7 17. a4 Ng4 18. e3 a5 19. Bd2 Qg5 20. Bg2 Qh5 21. h3 Ne5 22. g4 Qg6 23. Qxg6 Nxg6 24. b4 axb4 25. Bxb4 c5 26. Bc3 Nh4 27. Bh1 f5 28.
a5 Ba7 29. Rd7 fxg4 30. Rxg7+ Kh8 31. Rxa7+ Kg8 32. Rg7+ Kh8 33. Rxg4+ Kh7 34. Rxh4 Rg8+ 35. Kf1 1-0

[Event "*** SCC Grand Prix: Titled Tuesday Blitz"]
[Site "Chess.com"]
[Date "2020.07.07"]
[Round "5"]
[White "Beca95"]
[Black "gumimis"]
[Result "1-0"]
[WhiteElo "2893"]
[BlackElo "2182"]
[TimeControl "180+1"]
[EndTime "10:52:56 PDT"]
[Termination "Beca95 won by resignation"]

1. e4 c5 2. Nf3 d6 3. d4 cxd4 4. Nxd4 Nf6 5. Nc3 a6 6. Bc4 e6 7. Bb3 Nbd7 8. g4 Nc5 9. Qe2 h6 10. h4 Be7 11. Rg1 b5 12. g5 hxg5 13. hxg5 Nfd7 14. g6 Ne5 15. gxf7+ Kxf7 16. Be3 Bf6 17. O-O-O Nxb3+ 18. axb3 Bb7 19. f4 Nd7 20. Qg4 Qe7 21.
f5 e5 22. Ne6 Nf8 23. Nxg7 Rg8 24. Qh5+ Ng6 25. Qxg6+ Kf8 26. Ne6+ Qxe6 27. fxe6 Rxg6 28. Rxg6 1-0

[Event "*** SCC Grand Prix: Titled Tuesday Blitz"]
[Site "Chess.com"]
[Date "2020.07.07"]
[Round "5"]
[White "Grieve72"]
[Black "dpopadic"]
[Result "1-0"]
[WhiteElo "2245"]
[BlackElo "2394"]
[TimeControl "180+1"]
[EndTime "10:53:21 PDT"]
[Termination "Grieve72 won by resignation"]

1. e4 c5 2. Nf3 Nc6 3. d4 cxd4 4. Nxd4 Nf6 5. Nc3 e5 6. Ndb5 d6 7. Bg5 a6 8. Na3 b5 9. Nd5 Be7 10. Bxf6 Bxf6 11. c3 O-O 12. Nc2 Bg5 13. a4 bxa4 14. Rxa4 a5 15. Bc4 Rb8 16. b3 Kh8 17. Ra2 f5 18. exf5 Bxf5 19. Nce3 Bg6 20. h4 Bh6 21. Qg4 Bxe3 22. Nxe3 Rf4 23. Qh3 Ne7 24. h5 Bf7 25. Bxf7 Rxf7 26. O-O Rxb3 27. Qe6 1-0

[Event "*** SCC Grand Prix: Titled Tuesday Blitz"]
[Site "Chess.com"]
[Date "2020.07.07"]
[Round "5"]
[White "amintabatabaei"]
[Black "Karateloru"]
[Result "1-0"]
[WhiteElo "2927"]
[BlackElo "2649"]
[TimeControl "180+1"]
[EndTime "10:53:25 PDT"]
[Termination "amintabatabaei won by resignation"]

1. e4 c5 2. Nf3 e6 3. d3 Nc6 4. g3 g6 5. Bg2 Bg7 6. O-O Nge7 7. Re1 d6 8. c3 O-O 9. a3 b5 10. d4 cxd4 11. cxd4 d5 12. e5 b4 13. h4 a5 14. h5 Ba6 15. h6 Bh8 16. a4 Qb6 17. b3 Nf5 18. Be3 f6 19. Nbd2 fxe5 20. dxe5 Nxe3 21.
Rxe3 Rf5 22. Bh3 Raf8 23. Bxf5 Rxf5 24. Rc1 Nxe5 25. Nxe5 Bxe5 26. Rf3 Bxg3 27. Rxf5 gxf5 28. Qf3 Be5 29. Qg2+ Kf7 30. Nf3 Bf4 31. Qg7+ Ke8 32. Re1 Bc4 1-0

[Event "*** SCC Grand Prix: Titled Tuesday Blitz"]
[Site "Chess.com"]
[Date "2020.07.07"]
[Round "5"]
[White "novocane"]
[Black "Boudicca64"]
[Result "1-0"]
[WhiteElo "2264"]
[BlackElo "1803"]
[TimeControl "180+1"]
[EndTime "10:53:25 PDT"]
[Termination "novocane won by resignation"]

1. d4 d5 2. c4 e6 3. Nc3 Nf6 4.
cxd5 exd5 5. Bg5 Be7 6. Qc2 O-O 7. e3 b6 8. Bd3 Nbd7 9. Nf3 Bb7 10. Ne5 h6 11. h4 c5 12. Nxd7 Qxd7 13. Bf5 Qd8 14.
O-O-O Ne4 15. Bxe4 dxe4 16. dxc5 Qc7 17. c6 Bxc6 18.
Nd5 Bxd5 19. Qxc7 Rac8 20. Qxc8 Rxc8+ 21. Kb1 hxg5 22. Rxd5 gxh4 23. Rd7 Bf6 24. Rxa7 1-0

[Event "*** SCC Grand Prix: Titled Tuesday Blitz"]
[Site "Chess.com"]
[Date "2020.07.07"]
[Round "5"]
[White "Carnivoras"]
[Black "mattcolins2025"]
[Result "1-0"]
[WhiteElo "2604"]
[BlackElo "2389"]
[TimeControl "180+1"]
[EndTime "10:53:28 PDT"]
[Termination "Carnivoras won by resignation"]

1. d4 Nf6 2. c4 g6 3. Nc3 Bg7 4. e4 d6 5. Nf3 O-O 6. Be2 e5 7. O-O exd4 8. Nxd4 Re8 9. Bf3 Nbd7 10. Re1 Ne5 11. Be2 Nc6 12. Nxc6 bxc6 13. Bd3 Be6 14. Qc2 Nd7 15. b3 Nc5 16. Bb2 a5 17. Bf1 Qd7 18. Rad1 f5 19. e5 f4 20. Ne4 Nxe4 21. Qxe4 Bf5 22.
Qxf4 Bxe5 23. Bxe5 dxe5 24. Qg3 Qg7 25. h3 a4 26. b4 Rab8 27. a3 Qf6 28. c5 Rbd8 29. Rxd8 Rxd8 30. Bc4+ Kg7 31. Qxe5 Qxe5 32. Rxe5 Rd1+ 33.
Kh2 Kf6 34. Re3 h5 35. Be2 Ra1 36. Bf3 Bc2 37. Bxc6 Bb3 38. b5 Rxa3 39. b6 cxb6 40. cxb6 Bd5 41. Bxd5 1-0

[Event "*** SCC Grand Prix: Titled Tuesday Blitz"]
[Site "Chess.com"]
[Date "2020.07.07"]
[Round "5"]
[White "Lucas_Tomiello"]
[Black "2008king"]
[Result "0-1"]
[WhiteElo "2412"]
[BlackElo "2266"]
[TimeControl "180+1"]
[EndTime "10:53:39 PDT"]
[Termination "2008king won by resignation"]

1. e4 e5 2. Nf3 Nc6 3. Bb5 a6 4. Ba4 Nf6 5. O-O b5 6. Bb3 Bb7 7. Re1 Bc5 8. c3 d6 9. d4 Bb6 10. h3 h6 11. a4 O-O 12. Na3 Re8 13. d5 Ne7 14. axb5 axb5 15. Be3 Bxe3 16. Rxe3 c6 17. dxc6 Bxc6 18. Qe2 Ng6 19. g3 Qd7 20. Kg2 Nh5 21.
Kh2 b4 22. cxb4 Nhf4 23. gxf4 Nxf4 24. Qf1 Bb5 25. Qxb5 Qxh3+ 0-1

[Event "*** SCC Grand Prix: Titled Tuesday Blitz"]
[Site "Chess.com"]
[Date "2020.07.07"]
[Round "5"]
[White "czasnaszachy"]
[Black "RaphCamora"]
[Result "0-1"]
[WhiteElo "2242"]
[BlackElo "2452"]
[TimeControl "180+1"]
[EndTime "10:53:40 PDT"]
[Termination "RaphCamora won by resignation"]

1. d4 d5 2. c4 e6 3. Nc3 c6 4. e3 Nf6 5. Nf3 Nbd7 6. b3 Bb4 7. Bd2 O-O 8. Bd3 Qe7 9. O-O e5 10. dxe5 Nxe5 11. Nxe5 Qxe5 12. Ne2 Bxd2 13. Qxd2 Rd8 14. cxd5 Rxd5 15. Qc2 Bg4 16. Ng3 Rad8 17. Bc4 Rd2 18. Qc1 h5 19. h3 h4 20. Nh1 Bh5 21. b4 Rd1 22. Qc2 Rxa1 23. Rxa1 Qxa1+ 24. Bf1 0-1

[Event "*** SCC Grand Prix: Titled Tuesday Blitz"]
[Site "Chess.com"]
[Date "2020.07.07"]
[Round "5"]
[White "BJthechessgod"]
[Black "kimstevenyap"]
[Result "0-1"]
[WhiteElo "2320"]
[BlackElo "2490"]
[TimeControl "180+1"]
[EndTime "10:53:42 PDT"]
[Termination "kimstevenyap won by resignation"]

1. d4 Nf6 2. c4 g6 3. Nc3 d5 4. cxd5 Nxd5 5. e4 Nxc3 6. bxc3 Bg7 7. Nf3 c5 8. Be3 O-O 9. Bc4 Qc7 10. Qe2 Bg4 11.
Rc1 Nc6 12. O-O Na5 13. Bb3 Rad8 14. h3 Bxf3 15. Qxf3 Nxb3 16. axb3 cxd4 17. cxd4 Qb6 18. d5 Qxb3 19. Rb1 Qa4 20. Rxb7 Rd7 21. Rxd7 Qxd7 22.
Rb1 a5 23. Bc5 Rc8 24. Qa3 Be5 25. Qxa5 f5 26. exf5 Qxf5 27. Bxe7 Qxb1+ 0-1

[Event "*** SCC Grand Prix: Titled Tuesday Blitz"]
[Site "Chess.com"]
[Date "2020.07.07"]
[Round "5"]
[White "dennisodessa"]
[Black "frederiksvane"]
[Result "0-1"]
[WhiteElo "2437"]
[BlackElo "2667"]
[TimeControl "180+1"]
[EndTime "10:53:43 PDT"]
[Termination "frederiksvane won by resignation"]

1. d4 Nf6 2. c4 e6 3. Nc3 Bb4 4. Qc2 O-O 5. a3 Bxc3+ 6. Qxc3 b6 7. Bg5 Bb7 8. Rd1 d6 9. f3 Nbd7 10. e4 e5 11. d5 Nxe4 12. fxe4 Qxg5 13. Nf3 Qf4 14. Qc2 Nc5 15. Bd3 f5 16. Nd2 Qe3+ 17. Be2 fxe4 18. Rf1 Nd3+ 0-1

[Event "*** SCC Grand Prix: Titled Tuesday Blitz"]
[Site "Chess.com"]
[Date "2020.07.07"]
[Round "5"]
[White "XDPS"]
[Black "Infernal_XaM"]
[Result "0-1"]
[WhiteElo "2718"]
[BlackElo "2941"]
[TimeControl "180+1"]
[EndTime "10:53:44 PDT"]
[Termination "Infernal_XaM won on time"]

1. e4 e5 2. Nf3 Nc6 3. Bb5 f5 4.
d3 fxe4 5. dxe4 Nf6 6. Be3 d6 7. Nc3 Be7 8. Qd3 O-O 9. h3 Kh8 10. Bc4 Qe8 11. O-O-O a6 12. Kb1 b5 13. Bd5 Nb4 14.
Qd2 c6 15. Bb3 a5 16. a4 bxa4 17. Bxa4 Rb8 18. Bb3 a4 19. Nxa4 Be6 20. Bxe6 Nxe4 21. Qe1 d5 22. c3 Qg6 23. cxb4 Bxb4 24. Nh4 Nc3+ 25. Ka1 Qc2 0-1

[Event "*** SCC Grand Prix: Titled Tuesday Blitz"]
[Site "Chess.com"]
[Date "2020.07.07"]
[Round "5"]
[White "ElviraBerend"]
[Black "queen_iryna"]
[Result "1-0"]
[WhiteElo "2431"]
[BlackElo "2253"]
[TimeControl "180+1"]
[EndTime "10:53:45 PDT"]
[Termination "ElviraBerend won by resignation"]

1. d4 d5 2. c4 c6 3. Nf3 Nf6 4.
e3 Bf5 5. Bd3 Bg6 6. O-O e6 7. Nc3 Nbd7 8. b3 Bb4 9. Bb2 Bxc3 10. Bxc3 Bxd3 11. Qxd3 O-O 12. Rfd1 Ne4 13. Bb2 Qf6 14.
b4 Rfd8 15. Qe2 Nb6 16. c5 Nc4 17. a4 a5 18. b5 Nxb2 19. Qxb2 Nxc5 20. Ne5 Ne4 21.
bxc6 bxc6 22. Nxc6 Rdc8 23. Rdc1 h6 24. h3 Nd6 25. Ne5 Ne4 26. Nd7 Qg6 27. Rxc8+ Rxc8 28. Rc1 Rxc1+ 29. Qxc1 Ng5 30. Qc8+ 1-0

[Event "*** SCC Grand Prix: Titled Tuesday Blitz"]
[Site "Chess.com"]
[Date "2020.07.07"]
[Round "5"]
[White "KobyKalavannan"]
[Black "eljanov"]
[Result "0-1"]
[WhiteElo "2634"]
[BlackElo "2878"]
[TimeControl "180+1"]
[EndTime "10:53:47 PDT"]
[Termination "eljanov won by checkmate"]

1. d4 Nf6 2. c4 e6 3. Nf3 b6 4.
g3 Bb7 5. Bg2 Be7 6. O-O O-O 7.
Nc3 Ne4 8. Qc2 Nxc3 9. Qxc3 d6 10. Bf4 Nd7 11. Rad1 Be4 12. b4 f5 13. c5 Nf6 14. Qb3 Nd5 15. cxd6 cxd6 16. Bd2 Qd7 17. Rc1 Rac8 18. b5 Bf6 19. e3 Rxc1 20. Rxc1 Rc8 21. Ne1 Bxg2 22. Kxg2 Kf7 23. Nd3 Qb7 24.
Rxc8 Nxe3+ 25. Kg1 Qg2# 0-1

[Event "*** SCC Grand Prix: Titled Tuesday Blitz"]
[Site "Chess.com"]
[Date "2020.07.07"]
[Round "5"]
[White "hanzo_hasashi1"]
[Black "Micki-taryan"]
[Result "1-0"]
[WhiteElo "2864"]
[BlackElo "3041"]
[TimeControl "180+1"]
[EndTime "10:53:48 PDT"]
[Termination "hanzo_hasashi1 won by resignation"]

1. d4 Nf6 2. c4 e6 3. Nc3 Bb4 4. Qc2 d5 5. cxd5 exd5 6. Bg5 c6 7. e3 Be6 8. Bd3 Nbd7 9. Ne2 h6 10. Bh4 O-O 11. O-O Be7 12. Nf4 Bd6 13. Nxe6 fxe6 14.
e4 Be7 15. e5 Nh5 16. Bxe7 Qxe7 17. g3 g5 18. Be2 Ng7 19. Qg6 c5 20. Bd3 Rf5 21.
Bxf5 Nf8 22. Bxe6+ Nxe6 23. Nxd5 Qf7 24. Nf6+ Kf8 25.
Qxf7+ Kxf7 26. dxc5 Nxc5 27. Rac1 Nge6 28. Rfd1 a5 1-0